Map: Defender's Landing LE

Players

HunTer - Winner!

  • Race: Terran Terran
  • Spawn Location: 1:00

eXile

  • Race: Zerg Zerg
  • League: Gold
  • Spawn Location: 7:00

VOD

Have the link to the VOD?

Description

Time

  • Played on: May 23, 2017, 6:45 p.m.
  • Length: 19:28
Show
View Real Time Build Order
Export as new Build Order

HunTer Terran - Winner!

Build Orders:  

Get SALT Encoding   

  12  0:12  Supply Depot  
  12  0:13  SCV  
  13  0:26  Refinery  
  13  0:37  Barracks  
  13  0:40  SCV  
  14  0:52  SCV  
  15  1:04  SCV  
  15  1:06  Barracks  
  16  1:22  SCV  
  17  1:25  Supply Depot  
  17  1:26  Reaper  
  18  1:34  SCV  
  19  1:49  Barracks  
  19  1:51  SCV  
  20  1:54  Reaper  
  21  2:02  Reaper  
  21  2:04  SCV  
  23  2:15  Refinery  
  23  2:16  SCV  
  24  2:26  Reaper  
  25  2:34  Reaper  
  26  2:44  SCV  
  28  2:56  SCV  
  27  3:08  SCV  
  27  3:09  Factory  
  27  3:13  Marine x3  
  30  3:23  Supply Depot  
  30  3:28  Factory  
  30  3:31  Marine  
  31  3:44  Marine x2  
  33  3:50  Barracks Tech Lab  
  33  3:53  Widow Mine  
  35  3:56  Starport  
  35  4:02  Marine  
  35  4:03  Marine  
  35  4:06  Orbital Command  
  37  4:13  Supply Depot  
  37  4:20  Marine  
  38  4:25  Marine  
  38  4:29  Stimpack  
  39  4:34  Widow Mine  
  39  4:35  Marine, Starport Reactor  
  39  4:38  Marine  
  44  4:46  Barracks Reactor  
  44  4:47  Factory Reactor  
  42  5:11  Marine  
  43  5:14  Factory Tech Lab  
  41  5:33  Marine, Medivac x2  
  41  5:34  Marine  
  47  5:37  Command Center  
  47  5:40  Supply Depot  
  47  6:01  Marine  
  47  6:03  Supply Depot  
  48  6:05  Widow Mine x2  
  48  6:06  Marine x3  
  55  6:25  Marine x2, SCV  
  58  6:26  Supply Depot  
  56  6:47  Marine  
  56  6:48  Marine x3  
  60  6:56  SCV x2  
  62  7:05  Marine x2  
  62  7:06  Marine  
  62  7:08  SCV  
  65  7:38  Marine x4  
  65  7:41  Medivac x2  
  73  7:56  Marine  
  52  8:35  Marine x4  
  52  8:36  Widow Mine x3  
  58  8:53  Marine x4  
  56  9:03  SCV  
  56  9:04  Widow Mine  
  56  9:08  Orbital Command  
  59  9:11  Marine x4  
  59  9:15  SCV  
  62  9:25  Refinery  
  62  9:26  Widow Mine  
  62  9:27  Refinery  
  62  9:28  Marine x4  
  68  9:38  SCV  
  68  9:39  SCV  
  70  9:46  Widow Mine, Marine x4  
  70  9:47  Widow Mine  
  70  9:50  SCV  
  70  9:51  SCV  
  80  9:59  Liberator  
  80  10:04  Marine x2  
  82  10:11  Armory, Engineering Bay  
  82  10:13  Engineering Bay  
  82  10:18  SCV  
  82  10:20  Liberator  
  86  10:37  Marine x4  
  86  10:39  Terran Infantry Weapons Level 1, Terran Infantry Armor Level 1  
  93  10:55  Marine  
  94  11:13  Command Center  
  94  11:36  Supply Depot  
  94  11:41  Liberator  
  94  11:58  Marine x3, SCV x2  
  102  12:18  Marine, SCV  
  102  12:19  Marine, SCV  
  102  12:20  Widow Mine, Marine x2  
  102  12:21  Widow Mine  
  102  12:22  Widow Mine  
  88  12:30  SCV  
  88  12:36  Marine  
  86  12:37  Marine x2  
  86  12:38  Marine  
  86  12:39  Orbital Command, Barracks  
  86  12:41  Barracks  
  89  12:48  Drilling Claws  
  89  12:49  Widow Mine x2  
  89  12:50  Widow Mine  
  95  12:53  Marine  
  95  12:55  Marine x3  
  92  13:11  Marine  
  86  13:13  Marine x3  
  86  13:18  Widow Mine x2  
  93  13:22  Medivac x2  
  93  13:23  Orbital Command  
  97  13:29  Marine  
  97  13:30  Marine  
  97  13:31  Marine  
  100  13:45  Marine x3  
  100  13:47  Marine  
  104  13:48  Widow Mine, Marine  
  104  13:49  Marine  
  104  13:52  Medivac x2  
  112  13:57  SCV  
  113  14:02  Marine  
  113  14:05  Marine  
  117  14:10  Marine, Barracks Reactor  
  117  14:11  Barracks Reactor  
  117  14:12  Combat Shields  
  117  14:15  Barracks Reactor  
  113  14:20  Marine  
  113  14:22  Marine  
  109  14:29  Refinery  
  109  14:31  Refinery  
  109  14:35  Terran Infantry Weapons Level 2  
  109  14:36  Terran Infantry Armor Level 2  
  109  14:38  Terran Vehicle Weapons Level 1  
  109  14:55  Marine x8  
  117  15:21  Marine  
  117  15:22  Marine x3  
  117  15:23  Widow Mine  
  117  15:24  Marine x2  
  117  16:22  Marine  
  117  16:23  Marine  
  117  16:42  Marine x4  
  117  16:44  Widow Mine, Marine  
  117  16:45  Widow Mine, Marine x3  
  117  16:46  Widow Mine, Marine  
  110  16:54  Medivac x2  
  108  16:55  SCV  
  108  16:56  SCV  
  108  17:00  Marine x4  
  116  17:02  Marine  
  117  17:10  Marine, SCV  
  117  17:19  Widow Mine  
  117  17:22  Marine  
  117  17:23  Marine x4, SCV  
  117  17:24  Marine x2, SCV  
  117  17:25  Widow Mine, Marine  
  117  17:26  Medivac x2  
  117  17:28  Marine  
  110  17:35  SCV  
  110  17:37  SCV  
  112  17:39  Marine  
  112  17:40  Marine  
  112  17:41  Marine x3  
  117  17:46  Marine x3  
  117  17:47  Marine  
  103  17:56  Medivac x2  
  103  17:57  Marine  
  106  17:58  Marine x2  
  106  17:59  Marine x2  
  106  18:03  Marine x2  
  106  18:04  Marine  
  106  18:05  Marine  
  100  18:15  Marine  
  100  18:16  Marine x2  
  100  18:17  Marine  
  104  18:26  Medivac  
  106  18:43  Orbital Command  
  99  19:00  Marine  
  99  19:01  Marine x8  
  108  19:09  SCV x2  
Show
View Real Time Build Order
Export as new Build Order

eXile Zerg 

Build Orders: Hatch First 

Get SALT Encoding   

  12  0:01  Drone  
  13  0:13  Overlord  
  13  0:24  Drone  
  14  0:31  Drone  
  14  0:33  Drone  
  16  0:39  Drone  
  17  0:54  Hatchery  
  16  0:59  Drone  
  17  1:08  Drone  
  17  1:10  Extractor  
  17  1:17  Spawning Pool  
  16  1:20  Drone  
  17  1:27  Drone  
  19  1:40  Drone x2  
  20  1:50  Overlord  
  20  2:05  Queen  
  20  2:06  Queen  
  20  2:08  Zergling x4  
  26  2:12  Metabolic Boost  
  26  2:17  Drone  
  26  2:21  Drone  
  27  2:52  Queen  
  27  2:53  Zergling x2  
  27  2:54  Zergling x4  
  31  3:06  Queen  
  31  3:07  Zergling x6  
  31  3:09  Overlord  
  36  3:23  Overlord  
  36  3:28  Queen  
  37  3:59  Zergling x12  
  37  4:00  Zergling x6  
  46  4:10  Zergling x6  
  49  4:23  Lair  
  49  4:25  Extractor  
  49  4:26  Drone  
  49  4:27  Extractor, Drone x3  
  49  4:28  Extractor  
  49  4:31  Overlord x2  
  49  5:21  Drone x6  
  50  5:22  Drone x3  
  58  5:34  Hatchery  
  57  5:57  Baneling Nest  
  57  6:01  Drone x6  
  62  6:24  Pneumatized Carapace  
  62  6:26  Drone x2  
  62  6:27  Drone x4  
  68  6:35  Spire  
  54  7:31  Zergling x2  
  54  7:32  Zergling x4  
  54  7:34  Overlord  
  54  7:35  Overlord x3  
  57  7:41  Baneling x2  
  57  7:45  Evolution Chamber  
  57  7:48  Evolution Chamber  
  49  8:02  Zergling x2  
  49  8:03  Zergling x30  
  49  8:05  Overseer  
  63  8:06  Queen  
  57  8:33  Overseer  
  54  8:37  Mutalisk x2, Zergling x4  
  54  8:38  Zergling x2, Mutalisk x5  
  71  8:44  Baneling x4  
  71  8:45  Zergling x2  
  70  8:59  Mutalisk x3  
  75  9:07  Drone x4  
  77  9:32  Zergling x8  
  77  9:34  Overlord x4  
  81  10:04  Zerg Melee Weapons Level 1, Zerg Ground Armor Level 1  
  81  10:09  Drone  
  81  10:10  Drone x8  
  90  10:31  Mutalisk x2  
  90  10:32  Mutalisk  
  96  10:56  Queen  
  98  11:00  Hatchery  
  97  11:14  Zergling x2  
  97  11:15  Zergling x30  
  113  11:22  Extractor, Overlord  
  113  11:23  Extractor  
  111  11:33  Infestation Pit  
  111  11:35  Overlord x3  
  110  11:50  Spire  
  110  11:52  Queen x2  
  113  12:04  Zergling x2  
  113  12:05  Overlord x4, Zergling x6  
  102  12:28  Queen  
  101  12:37  Zergling x2  
  101  12:43  Zerg Ground Armor Level 2, Zerg Melee Weapons Level 2  
  102  12:50  Drone  
  107  12:51  Drone x16  
  107  12:54  Overlord  
  107  12:55  Overlord  
  103  13:39  Extractor  
  103  13:41  Extractor, Hive  
  101  13:44  Zergling x2  
  101  13:45  Zergling x30  
  117  13:50  Drone  
  118  14:07  Corruptor  
  118  14:08  Corruptor x4  
  128  14:37  Drone  
  128  14:38  Drone x2  
  131  14:40  Overlord  
  131  14:41  Overlord x2  
  131  15:09  Zergling x8  
  131  15:10  Zergling x10  
  140  15:15  Zerg Melee Weapons Level 3, Zerg Ground Armor Level 3  
  140  15:18  Adrenal Glands  
  137  15:26  Zergling x2  
  137  15:27  Zergling x26  
  103  15:29  Baneling x6  
  103  15:30  Baneling  
  91  15:56  Zergling x6  
  91  15:57  Zergling x8  
  96  15:59  Baneling x4  
  98  16:13  Zergling x6  
  98  16:14  Zergling x16  
  70  17:28  Zergling x14  
  70  17:29  Zergling x16  
  75  17:33  Hatchery  
  59  18:01  Hatchery  
  58  18:18  Ultralisk Cavern  
  57  18:34  Hatchery  
  56  18:36  Spine Crawler  
  56  18:38  Spine Crawler  
  56  18:41  Spine Crawler  
  53  18:43  Baneling x5  
  42  19:00  Zergling x8  
  42  19:01  Zergling x6  
Tags
 
Add a new tag
Caveats
  • Supply blocks, unpowered buildings, or Contaminate may cause inaccurate times.
  • Supply counts are checked every 10 seconds.